 Dungeon Crawl Stone Soup version 0.30.1 (webtiles) character file.

Game seed: 16210201890840361092

67908 Cheops the Tortoise (level 14, -1/130 HPs)
             Began as a Minotaur Fighter on July 12, 2023.
             Was the Champion of Ru.
             Slain by a titanic slime creature (54 damage)
             ... on level 15 of the Dungeon on July 13, 2023.
             The game lasted 01:21:06 (22592 turns).

Cheops the Tortoise (Minotaur Fighter)             Turns: 22592, Time: 01:21:06

Health: -1/130     AC: 34    Str: 32    XL:     14   Next: 84%
Magic:  13/13      EV:  8    Int: 10    God:    Ru [******]
Gold:   1073       SH: 22    Dex: 16    Spells: 13/13 levels left

rFire   . . .        a - +2 morningstar (protect)
rCold   . . .        q - +5 kite shield
rNeg    . . .        J - +0 plate armour
rPois   +            C - +2 hat
rElec   .            (no cloak)
rCorr   .            z - +0 pair of gloves
SInv    .            L - +4 pair of boots "Mamuzos" {Int+5}
Will    +....        V - amulet of reflection Stlth
                     F - ring "Awneakk" {rPois Dex+6}
HPRegen 0.41/turn    K - +6 ring of strength
MPRegen 0.13/turn

%: reflection
@: under a protective aura
A: horns 2, hated by all, inability to train dodging, no conjurations magic, no
fire magic, no transmutations magic, unskilled 1, missing an eye, retaliatory
headbutt
a: Renounce Religion, Draw Out Power, Power Leap, Apocalypse


You were on level 15 of the Dungeon.
You worshipped Ru.
Ru was exalted by your worship.
You visited 3 branches of the dungeon, and saw 21 of its levels.

You collected 1507 gold pieces.
You spent 434 gold pieces at shops.

Inventory:

Hand Weapons
 a - a +2 morningstar of protection (weapon)
 b - a +6 flail of draining
 d - the +8 dagger "Ynnoowao" {heavy, Will+ SInv Stlth-}
   (You found it on level 7 of the Dungeon)

   SInv:      It lets you see invisible.
   Will:      It increases your willpower.
   Stlth:     It makes you less stealthy.
 D - a +4 mace
Missiles
 h - a throwing net (quivered)
Armour
 q - a +5 kite shield (worn)
 z - a +0 pair of gloves (worn)
 A - the orb of Fedhas's Condemnation {light, -Cast rElec rF+ Str+6}
   (You found it on level 11 of the Dungeon)

   Str:       It affects your strength (+6).
   rF:        It protects you from fire.
   rElec:     It insulates you from electricity.
   -Cast:     It prevents spellcasting.
 C - a +2 hat (worn)
 J - a +0 plate armour (worn)
 L - the +4 pair of boots "Mamuzos" (worn) {Int+5}
   (You acquired it on level 10 of the Dungeon)

   Int:       It affects your intelligence (+5).
 U - a +3 leather armour of poison resistance
Jewellery
 i - a ring of fire
 F - the ring "Awneakk" (left hand) {rPois Dex+6}
   (You took it off Lodul on level 11 of the Dungeon)

   [ring of poison resistance]

   Dex:       It affects your dexterity (+6).
   rPois:     It protects you from poison.
 K - a +6 ring of strength (right hand)
 M - a ring of fire
 Q - a ring of fire
 R - a ring of protection from fire
 V - an amulet of reflection (around neck)
 W - a ring of poison resistance
 Y - the ring "Vuyxaac" {Fire Str+4 Int+7}
   (You found it on level 5 of the Lair of Beasts)

   [ring of fire]

   It enhances your fire magic.
   Str:       It affects your strength (+4).
   Int:       It affects your intelligence (+7).
   rF:        It protects you from fire.
   rC:        It makes you vulnerable to cold.
 Z - a ring of the Octopus King {rCorr HP+2 AC+2 EV+2 SH+2}
   (You found it on level 5 of the Lair of Beasts)

   [ring of resist corrosion]

   AC:        It affects your AC (+2).
   EV:        It affects your evasion (+2).
   HP:        It affects your health (+2).
   rCorr:     It protects you from acid and corrosion.
   SH:        It affects your SH (+2).
Wands
 v - a wand of mindburst (18)
 x - a wand of flame (62)
 H - a wand of polymorph (6)
 N - a wand of light (7)
 O - a wand of iceblast (9)
Scrolls
 c - a scroll of amnesia
 e - 2 scrolls of magic mapping
 f - 5 scrolls of blinking
 j - 2 scrolls of enchant armour
 l - 4 scrolls of fear
 n - a scroll of acquirement
 o - a scroll of enchant weapon
 p - 7 scrolls of teleportation
 r - 4 scrolls of fog
 s - 2 scrolls of vulnerability
 u - 4 scrolls of poison
 y - 6 scrolls of immolation
Potions
 g - 6 potions of cancellation
 k - 6 potions of magic
 m - 9 potions of curing
 t - a potion of mutation
 w - a potion of berserk rage
 B - 2 potions of resistance
 E - 5 potions of flight
 G - a potion of lignification
 I - 3 potions of heal wounds
 P - a potion of attraction
 S - a potion of haste
 T - a potion of brilliance
 X - a potion of might


   Skills:
 - Level 13.9 Fighting
 * Level 14.7 Maces & Flails
 - Level 18.2 Armour
 + Level 11.5 Shields


You had 13 spell levels left.
You didn't know any spells.
Your spell library contained the following spells:

 Spells                   Type           Power      Damage    Failure   Level
 Apportation              Tloc           0%         N/A       93%         1
 Freeze                   Ice            0%         1d3       93%         1
 Ensorcelled Hibernation  Hex/Ice        0%         N/A       98%         2
 Frozen Ramparts          Ice            0%         1d1       100%        3
 Vhi's Electric Charge    Tloc/Air       0%         N/A       100%        3
 Airstrike                Air            0%         2d(0-16)  100%        4
 Anguish                  Hex/Necr       0%         N/A       100%        4
 Borgnjor's Vile Clutch   Necr/Erth      0%         N/A       100%        5
 Lee's Rapid Deconstruct  Erth           0%         3d4*      100%        5
 Maxwell's Capacitive Co  Air            0%         ∞         100%        8
 Shatter                  Erth           0%         3d5*      100%        9
 Static Discharge         Conj/Air       Unusable   2-2/arc   N/A         2
 Hailstorm                Conj/Ice       Unusable   3d3       N/A         3
 Spider Form              Tmut/Pois      Unusable   N/A       N/A         3
 Volatile Blastmotes      Fire/Tloc      Unusable   2d10      N/A         3
 Animate Dead             Necr           Unusable   N/A       N/A         4
 Fulminant Prism          Conj/Hex       Unusable   3d5       N/A         4
 Iskenderun's Mystic Bla  Conj/Tloc      Unusable   2d3       N/A         4
 Summon Lightning Spire   Summ/Air       Unusable   N/A       N/A         4
 Alistair's Intoxication  Tmut/Pois      Unusable   N/A       N/A         5
 Arcjolt                  Conj/Air       Unusable   1d10      N/A         5
 Death Channel            Necr           Unusable   N/A       N/A         6
 Chain Lightning          Conj/Air       Unusable   N/A       N/A         9
 Fire Storm               Conj/Fire      Unusable   5d1       N/A         9

Dungeon Overview and Level Annotations

Branches:
Dungeon (14/15)            Temple (1/1) D:6            Lair (5/5) D:9
 Shoals (0/4) Lair:2        Snake (0/4) Lair:2        Slime (0/5) Lair:4
    Orc (0/2) D:10         Vaults (0/5) D:14

Altars:
Ashenzari
Cheibriados
Dithmenos
Elyvilon
Gozag
Kikubaaqudgha
Makhleb
Nemelex Xobeh
Okawaru
Qazlal
Ru
Sif Muna
Trog
Uskayaw
Vehumet
Wu Jian
Xom
Zin
The Shining One

Shops:
D:5 ?   D:6 *   D:13 =

Annotations:
D:7 1 runed translucent door, Dordric's ghost, novice DjWr
D:14 2 transporters, Cofimnas's ghost, journeyman FoFi
Lair:4 fly


Innate Abilities, Weirdness & Mutations

You have a pair of horns on your head.
You are hated by all.
You cannot train Dodging skill.
You cannot study or cast Conjurations magic.
You cannot study or cast Fire magic.
You cannot study or cast Transmutations magic.
You are somewhat unskilled. (-1 Apt)
You are missing an eye, making it more difficult to aim.
You reflexively headbutt those who attack you in melee.


Message History

The wolf spider hits you!
* * * LOW HITPOINT WARNING * * *
You block the wolf spider's attack.
The wolf spider attacks as you move away!
You block the wolf spider's attack. x2
You see here 7 stones.
You bludgeon the wolf spider!!
Your weapon exudes an aura of protection.
Your headbutt misses the wolf spider.
The wolf spider is heavily wounded.
You block the wolf spider's attack. The wolf spider barely misses you.
The wolf spider hits you.
* * * LOW HITPOINT WARNING * * *
The wolf spider bites you but does no damage.
The wolf spider attacks as you move away!
You block the wolf spider's attack.
The wolf spider bites you but does no damage.
The wolf spider hits you but does no damage.
You block the wolf spider's attack.
The wolf spider attacks as you move away!
You block the wolf spider's attack. The wolf spider completely misses you.
The wolf spider attacks as you move away!
You block the wolf spider's attack. The wolf spider bites you!
* * * LOW HITPOINT WARNING * * *
You block the wolf spider's attack.
The wolf spider bites you but does no damage.
You impale the wolf spider!!
Your weapon exudes an aura of protection.
You kill the wolf spider!
You feel much better.
The titanic slime creature barely misses you.
You furiously retaliate!
You headbutt the titanic slime creature.
You barely miss the slime creature. You headbutt the slime creature.
The slime creature is heavily wounded.
You block the slime creature's attack.
You bludgeon the slime creature!!
The slime creature is severely wounded.
The titanic slime creature hits you!!!
You die...

#####.# .#..#.#
....#.#
##....###########
.)........#.}...##
###..............##
.##...............#
..#...............#
#.#........(...J@.#
#.#........(..†J).#
#.#...............#
#.########.......##
#........##.....##
##.#.....########
#.#.....# #.#.....#
#.......#


You could see a titanic slime creature and a slime creature.

Vanquished Creatures
  Frances (D:12)
  Nessos (Lair:4)
  Josephine (D:11)
  A fire dragon (D:14)
  A vault guard (D:14)
  2 ogre magi
  3 hydras (D:13)
  9 centaur warriors
  A merfolk avatar (Lair:5)
  3 tengu warriors (D:14)
  9 two-headed ogres
  4 boulder beetles
  4 death yaks (Lair:4)
  A skyshark (Lair:5)
  Amaemon (Lair:2)
  Lodul (D:11)
  4 lindwurms (Lair:4)
  5 cyclopes
  A wolf spider (D:15)
  A deep elf pyromancer (D:15)
  4 manticores
  8 ugly things
  8 elephants
  A merfolk siren (Lair:2)
  An orange demon (Lair:2)
  A black mamba (Lair:1)
  2 torpor snails (Lair:5)
  2 gargoyles (D:12)
  12 cane toads
  3 rime drakes
  4 unseen horrors
  Psyche (D:11)
  An efreet (D:14)
  8 komodo dragons
  2 trolls (D:9)
  Grinder (D:3)
  A wind drake (Lair:5)
  4 polar bears
  11 blink frogs
  A hornet (Lair:5)
  4 dream sheep (Lair:5)
  A slime creature (D:14)
  6 wraiths
  Sigmund (D:2)
  2 centaur simulacra (D:14)
  A vampire (D:12)
  A wyvern (Lair:2)
  29 yaks
  3 basilisks
  3 vampire mosquitoes
  A steam dragon (Lair:5)
  4 nagas (Lair:2)
  A two-headed ogre zombie (D:10)
  An acid dragon (D:8)
  15 water moccasins
  Duvessa (D:6)
  5 ice beasts
  An orc warrior (D:8)
  2 black bears
  18 wolves
  10 ogres
  A boggart (shapeshifter) (D:11)
  11 centaurs
  2 phantoms (D:10)
  3 kobold brigands
  14 bullfrogs
  6 scorpions
  3 wights (D:8)
  Dowan (D:6)
  3 troll zombies (D:10)
  10 killer bees
  4 howler monkeys
  7 electric eels
  A jelly (D:5)
  2 quasits (D:6)
  3 orc priests
  5 hounds
  An iguana (D:6)
  9 orc wizards
  4 ogre zombies (D:10)
  3 gnolls
  9 adders
  2 shadow imps
  5 white imps
  3 ufetubi
  2 worms (D:3)
  2 dart slugs (D:4)
  12 orcs
  9 ball pythons
  9 bats
  11 endoplasms
  3 giant cockroaches
  10 goblins
  7 hobgoblins
  14 jackals
  5 quokkas
  3 frilled lizards
  2 goblin skeletons (D:10)
  2 goblin zombies (D:10)
  A hobgoblin skeleton (D:10)
  2 hobgoblin zombies (D:10)
  21 kobolds
  3 orc skeletons (D:10)
  15 orc zombies (D:10)
  3 rats (D:1)
  A spectral goblin (D:1)
489 creatures vanquished.

Vanquished Creatures (others)
  A hydra (Lair:3)
  A deep elf pyromancer (D:14)
  A manticore (D:14)
  3 ugly things (D:14)
  A blink frog (Lair:5)
  A dream sheep (Lair:5)
  A black bear (shapeshifter) (D:14)
  A hound (D:9)
  2 kobolds (D:9)
12 creatures vanquished.

Grand Total: 501 creatures vanquished

Notes
Turn   | Place    | Note
-------+----------+-------------------------------------------
     0 | D:1      | Cheops the Minotaur Fighter began the quest for the Orb.
     0 | D:1      | Reached XP level 1. HP: 19/19 MP: 0/0
   109 | D:1      | Reached XP level 2. HP: 23/26 MP: 1/1
   257 | D:1      | Found a faded altar of an unknown god.
   499 | D:1      | Reached XP level 3. HP: 30/31 MP: 2/2
   989 | D:2      | Reached skill level 5 in Maces & Flails
  1332 | D:2      | Noticed Sigmund
  1340 | D:2      | Killed Sigmund
  1341 | D:2      | Reached XP level 4. HP: 29/39 MP: 3/3
  1341 | D:2      | Reached XP level 5. HP: 34/45 MP: 4/4
  1723 | D:3      | Reached XP level 6. HP: 44/51 MP: 5/5
  2019 | D:3      | Noticed Grinder
  2037 | D:3      | Killed Grinder
  2039 | D:3      | Reached XP level 7. HP: 56/57 MP: 6/6
  2841 | D:4      | Found a white marble altar of Elyvilon.
  2909 | D:4      | Found a hazy altar of Hepliaklqana.
  3030 | D:4      | Found a sparkling altar of Nemelex Xobeh.
  3049 | D:4      | Found a radiant altar of Vehumet.
  3187 | D:4      | Found a blossoming altar of Fedhas.
  3312 | D:5      | Entered Level 5 of the Dungeon
  3506 | D:5      | Found Juwed's Magic Scroll Emporium.
  3510 | D:5      | Found a burning altar of Makhleb.
  3524 | D:5      | Reached skill level 10 in Maces & Flails
  3538 | D:5      | Bought a scroll of magic mapping for 112 gold pieces
  3538 | D:5      | Bought a scroll of identify for 30 gold pieces
  3538 | D:5      | Bought a scroll of identify for 30 gold pieces
  3538 | D:5      | Bought a scroll of identify for 30 gold pieces
  3896 | D:5      | Reached XP level 8. HP: 23/64 MP: 7/7
  4398 | D:5      | Found a hide-covered altar of Uskayaw.
  4619 | D:6      | Noticed Dowan
  4620 | D:6      | Noticed Duvessa
  4815 | D:6      | Found Uvysk's Gadget Gallery.
  4984 | D:6      | Killed Duvessa
  4990 | D:6      | Killed Dowan
  5234 | D:6      | Found a staircase to the Ecumenical Temple.
  5300 | Temple   | Entered the Ecumenical Temple
  5300 | Temple   | Found a transporter.
  5300 | Temple   | Found a transporter.
  5302 | Temple   | Found a transporter.
  5302 | Temple   | Found a transporter.
  5343 | Temple   | Became a worshipper of Ru the Awakened
  5624 | D:6      | Reached XP level 9. HP: 70/70 MP: 8/8
  6054 | D:7      | Reached skill level 4 in Armour
  6054 | D:7      | Reached skill level 1 in Dodging
  6142 | D:7      | Found an ancient bone altar of Kikubaaqudgha.
  6154 | D:7      | Reached skill level 5 in Armour
  6274 | D:7      | Identified the +8 dagger "Ynnoowao" {heavy, Will+ SInv
                  | Stlth-}
  6327 | D:7      | Noticed Dordric's ghost (novice DjWr)
  6330 | D:7      | Found a runed translucent door.
  6897 | D:8      | Reached skill level 6 in Armour
  6901 | D:8      | Gained mutation: You cannot train Dodging skill. [Ru
                  | sacrifice]
  6901 | D:8      | Reached * piety under Ru
  7006 | D:8      | Reached skill level 7 in Armour
  7055 | D:8      | Found an opulent altar of Gozag.
  7360 | D:8      | Reached skill level 8 in Armour
  7470 | D:8      | Reached skill level 9 in Armour
  7818 | D:9      | Noticed a troll
  7835 | D:9      | Killed a troll
  7836 | D:9      | Reached skill level 10 in Armour
  7836 | D:9      | Reached XP level 10. HP: 52/77 MP: 9/9
  8036 | D:9      | Found a glowing silver altar of Zin.
  8085 | D:9      | Reached skill level 5 in Shields
  8159 | D:9      | Found a staircase to the Lair.
  8856 | D:10     | Entered Level 10 of the Dungeon
  8874 | D:10     | Found a shadowy altar of Dithmenos.
  9027 | D:10     | Gained mutation: You are hated by all. [Ru sacrifice]
  9027 | D:10     | Reached ** piety under Ru
  9027 | D:10     | Reached *** piety under Ru
  9147 | D:10     | Noticed a centaur warrior
  9154 | D:10     | Killed a centaur warrior
  9341 | D:10     | Identified a scroll of acquirement
  9371 | D:10     | Found a staircase to the Orcish Mines.
  9381 | D:10     | Reached skill level 10 in Shields
  9747 | D:5      | Bought a scroll of blinking for 112 gold pieces
  9747 | D:5      | Bought a scroll of fear for 60 gold pieces
  9747 | D:5      | Bought a scroll of immolation for 60 gold pieces
  9979 | D:11     | Noticed Lodul
 10462 | D:11     | Reached XP level 11. HP: 80/82 MP: 10/10
 10638 | D:11     | Noticed a two-headed ogre
 10649 | D:11     | Killed a two-headed ogre
 10772 | D:11     | Noticed a two-headed ogre
 10779 | D:11     | Killed a two-headed ogre
 10882 | D:11     | Identified the orb of Fedhas's Condemnation {light, -Cast
                  | rElec rF+ Str+6}
 10896 | D:11     | Identified the ring "Awneakk" {rPois Dex+6}
 10900 | D:11     | Reached skill level 5 in Fighting
 11110 | D:11     | Killed Lodul
 11420 | D:11     | Noticed Josephine
 11432 | D:11     | Killed Josephine
 11685 | D:11     | Found a bloodstained altar of Trog.
 11777 | D:11     | Noticed Psyche
 11782 | D:11     | Killed Psyche
 11981 | D:12     | HP: 1/95 [gargoyle/+0 morningstar (15)]
 11988 | D:12     | Noticed a boulder beetle
 12418 | D:12     | Killed a boulder beetle
 12419 | D:12     | Reached skill level 10 in Fighting
 12734 | D:12     | Noticed Frances
 12847 | D:12     | Killed Frances
 12848 | D:12     | Reached XP level 12. HP: 70/110 MP: 11/11
 13311 | D:13     | Noticed a centaur warrior
 13312 | D:13     | Noticed a four-headed hydra
 13317 | D:13     | Killed a centaur warrior
 13327 | D:13     | Killed a four-headed hydra
 13327 | D:13     | Noticed an eight-headed hydra
 13441 | D:13     | Noticed a boulder beetle
 13454 | D:13     | Killed a boulder beetle
 13498 | D:13     | Noticed a five-headed hydra
 13506 | D:13     | Killed a five-headed hydra
 13580 | D:13     | Noticed a two-headed ogre
 13581 | D:13     | Gained mutation: You cannot study or cast Fire magic. [Ru
                  | sacrifice]
 13581 | D:13     | Gained mutation: You cannot study or cast Transmutations
                  | magic. [Ru sacrifice]
 13581 | D:13     | Gained mutation: You cannot study or cast Conjurations
                  | magic. [Ru sacrifice]
 13581 | D:13     | Reached **** piety under Ru
 13592 | D:13     | Killed a two-headed ogre
 13700 | D:13     | Killed an eight-headed hydra
 14081 | D:13     | Found Bayseb's One-of-a-Kind Rings.
 14099 | D:13     | Noticed a centaur warrior
 14110 | D:13     | Killed a centaur warrior
 14183 | D:13     | Noticed a centaur warrior
 14195 | D:13     | Killed a centaur warrior
 14196 | D:13     | Reached skill level 15 in Fighting
 14514 | Lair:1   | Entered Level 1 of the Lair of Beasts
 15070 | Lair:1   | Reached skill level 15 in Maces & Flails
 15335 | Lair:1   | Reached XP level 13. HP: 121/126 MP: 12/12
 15685 | Lair:2   | Noticed Amaemon
 15697 | Lair:2   | Killed Amaemon
 15818 | Lair:2   | Reached skill level 11 in Armour
 15884 | Lair:2   | Found a staircase to the Snake Pit.
 16417 | Lair:2   | Found a staircase to the Shoals.
 17054 | Lair:3   | Reached skill level 12 in Armour
 18040 | Lair:4   | Reached skill level 13 in Armour
 18075 | Lair:4   | Reached skill level 14 in Armour
 18224 | Lair:4   | Found a staircase to the Slime Pits.
 18259 | Lair:4   | Noticed Nessos
 18273 | Lair:4   | Killed Nessos
 18866 | Lair:4   | Acquired the +4 pair of boots "Mamuzos" {Int+5}
 18901 | Lair:4   | Reached skill level 15 in Armour
 19059 | Lair:4   | Gained mutation: You are missing an eye, making it more
                  | difficult to aim. [Ru sacrifice]
 19059 | Lair:4   | Reached ***** piety under Ru
 19471 | Lair:5   | Entered Level 5 of the Lair of Beasts
 19933 | Lair:5   | Reached XP level 14. HP: 101/135 MP: 13/13
 19943 | Lair:5   | Reached skill level 16 in Armour
 20490 | Lair:5   | Reached skill level 17 in Armour
 20693 | Lair:5   | Found the ring of the Octopus King
 20703 | Lair:5   | Identified the ring "Vuyxaac" {Fire Str+4 Int+7}
 20711 | Lair:5   | Identified a ring of the Octopus King {rCorr HP+2 AC+2 EV+2
                  | SH+2}
 21380 | D:14     | Found a transporter.
 21384 | D:14     | Noticed Cofimnas's ghost (journeyman FoFi)
 21385 | D:14     | Found a bloodstained altar of Trog.
 21600 | D:14     | Found a shimmering altar of Xom.
 21611 | D:14     | Reached skill level 18 in Armour
 21932 | D:14     | Found a transporter.
 22265 | D:14     | Reached skill level 19 in Armour
 22446 | D:14     | Found a gate to the Vaults.
 22466 | D:14     | You fall into a shaft and drop 1 floor!
 22466 | D:15     | Entered Level 15 of the Dungeon
 22545 | D:15     | Gained mutation: You are somewhat unskilled. (-1 Apt) [Ru
                  | sacrifice]
 22545 | D:15     | Reduced skill Armour to level 18
 22545 | D:15     | Reached ****** piety under Ru
 22592 | D:15     | Slain by a titanic slime creature

Illustrated notes

Levels and vault maps discovered:
D:1:      amcnicky_arrival_gap_in_the_tavern_cellar, layout_loops_ring,
          dreamdust_ecumenical_altar_drowned_temple, fountainhead
D:2:      layout_basic, uniq_sigmund
D:3:      layout_basic, uniq_grinder
D:4:      layout_gridville, vehumet_crystals,
          mainiacjoe_overflow_surrounded_room, nemelex_diamond_rough_becter,
          nicolae_elyvilon_peaceful_grove, lemuel_coloured_pillars_altar
D:5:      layout_basic, mainiacjoe_overflow_catwalk, nicolae_uskayaw_suspiria,
          serial_shops, shop_coins, minmay_circle_x
D:6:      layout_basic, minmay_temple_entry_wispy, serial_demonic,
          serial_demonic_b, serial_demonic_c, serial_demonic_d,
          serial_demonic_e, serial_demonic_b, serial_demonic_a,
          nicolae_shop_gadgets, uniq_duvessa
D:7:      layout_loops_ring, general_overflow_altar,
          hellmonk_ghost_happy_afterlife
D:8:      layout_cave_pools, grunt_gozag_statues
D:9:      layout_small_grid, mainiacjoe_overflow_boulevard, erik_lair_island
D:10:     layout_rooms, overflow_temple_1_default, zombieorc2_lemuel
D:11:     layout_rooms, serial_bayou_ford_a, grunt_decor_mini_mirrors,
          trog_hazing_becter, uniq_josephine, uniq_psyche, uniq_lodul
D:12:     layout_cave_pools, minmay_fractal_squares_diagonal_5, uniq_frances
D:13:     layout_roguey, nicolae_shop_unique_rings, nrook_pool_corridor,
          minmay_diced_spiral
D:14:     minmay_tearing_corner, layout_loops_ring, david_vaults_5,
          gammafunk_ghost_wrathful_warriors, hangedman_abyss_or_decor_slice,
          chequers_serial_rivers_small_b, xom_confusion_cloud
D:15:     gammafunk_enter_depths_forms, layout_rooms, minmay_crystal_room,
          uniq_roxanne, uniq_azrael
Temple:   hellmonk_temple_divided_pantheon
Lair:1:   layout_cave_pods, infiniplex_staircase_pool_2
Lair:2:   layout_chaotic_city, minmay_shoals_entry_lonely_mermaid,
          guppyfry_snake_entry_island, serial_bayou_shore_a, uniq_amaemon
Lair:3:   layout_roguey, st_stairs_13
Lair:4:   layout_regular_city, slime_entry_1, minmay_lindwurm_lava, uniq_nessos
Lair:5:   gammafunk_lair_ancient_temple, layout_long_grid, lemuel_fruit_tree

Skill      XL: |  1  2  3  4  5  6  7  8  9 10 11 12 13 14 |
---------------+-------------------------------------------+-----
Maces & Flails | 3 4 7 9 11 14 15 16 14 | 14.7
Armour         | 10 15 18 | 18.2
Dodging        | 0 |  0.0
Shields        | 11 12 11 | 11.5
Fighting       | 11 15 13 | 13.9

Action                     |  1- 3 |  4- 6 |  7- 9 | 10-12 | 13-15 || total
---------------------------+-------+-------+-------+-------+-------++-------
  Melee: Flail             |   101 |    41 |    64 |   496 |   485 ||  1187
         Headbutt          |    11 |     9 |    69 |   122 |   144 ||   355
         Mace              |       |       |   338 |       |       ||   338
         Dagger            |       |       |       |    21 |       ||    21
         Morningstar       |       |       |       |       |   160 ||   160
 Invoke: Sacrifice Nimblen |       |       |     1 |       |       ||     1
         Sacrifice Love    |       |       |       |     1 |       ||     1
         Draw Out Power    |       |       |       |     1 |       ||     1
         Sacrifice Arcana  |       |       |       |     1 |       ||     1
         Sacrifice an Eye  |       |       |       |       |     1 ||     1
         Reject Sacrifices |       |       |       |       |     1 ||     1
         Power Leap        |       |       |       |       |     2 ||     2
         Sacrifice Skill   |       |       |       |       |     1 ||     1
  Evoke: Wand              |       |       |       |     7 |    11 ||    18
    Use: Potion            |     1 |     1 |     2 |     4 |     7 ||    15
         Scroll            |       |       |     8 |    12 |    13 ||    33
   Stab: Invisible         |       |       |     4 |     3 |     8 ||    15
         Distracted        |       |       |       |       |     3 ||     3
 Armour: Scale mail        |    46 |    16 |    56 |       |       ||   118
         Chain mail        |       |       |   187 |       |       ||   187
         Plate armour      |       |       |    32 |   336 |   263 ||   631
  Dodge: Dodged            |    49 |    23 |   164 |   183 |   134 ||   553
  Block: Buckler           |    20 |     8 |   100 |   179 |   155 ||   462
         Kite shield       |       |       |       |       |   137 ||   137
         Reflection        |       |       |       |       |    10 ||    10
